 Dungeon Crawl Stone Soup version 0.31.0-11-ge490571c62 (webtiles) character file.

Game seed: 9147573075605181328

1678147 jasper the Conqueror (level 26, 230/266 HPs)
             Began as a Minotaur Berserker on Jan 30, 2024.
             Was a High Priest of Trog.
             Escaped with the Orb
             ... and 3 runes!
             The game lasted 02:13:21 (68259 turns).

jasper the Conqueror (Minotaur Berserker)          Turns: 68259, Time: 02:13:22

Health: 230/266    AC: 50    Str: 21    XL:     26   Next: 29%
Magic:  28/28      EV: 20    Int:  8    God:    Trog [*****.]
Gold:   7543       SH:  0    Dex: 24    Spells: 25/25 levels left

rFire   + + .        l - +9 executioner's axe (flame)
rCold   + . .        (shield currently unavailable)
rNeg    + . .        Q - +9 gold dragon scales
rPois   +            Z - +3 crown of Dyrovepreva {rElec Int+2 SInv}
rElec   +            T - +0 cloak {rCorr}
rCorr   +            Y - +2 pair of gloves
SInv    +            r - +2 pair of boots {Fly}
Will    ++...        K - amulet of regeneration Stlth
                     b - ring of the Forgotten Beds {Will+ Int+2 Stlth+}
HPRegen 0.00/turn    q - ring of Gozag's Inspiration {rF+ rN+ MP+9 Str-2 Dex+7}
MPRegen 0.21/turn

%: no passive effects
@: flying, inhibited regen
A: horns 2, retaliatory headbutt, clumsy 1, low MP 1, shaggy fur 1, inhibited
regeneration, weak 1, devolution 1
0: Orb of Zot
}: 3/15 runes: decaying, silver, gossamer
a: Renounce Religion, Berserk, Trog's Hand, Brothers in Arms


You escaped.
You worshipped Trog.
Trog was extremely pleased with you.
You visited 9 branches of the dungeon, and saw 47 of its levels.
You visited the Abyss 1 time.
You also visited: Trove, Gauntlet, Ice Cave and Wizlab.

You collected 9618 gold pieces.
You spent 2075 gold pieces at shops.

Inventory:

Hand Weapons
 l - a +9 executioner's axe of flaming (weapon)
 o - a +9 heavy executioner's axe
 E - the +2 battleaxe of Gegej {antimagic, Str+8}
   (Trog gifted it to you on level 1 of the Orcish Mines)

   Str+8:     It affects your strength (+8).
Missiles
 i - 4 curare-tipped darts
 p - a throwing net
 y - 16 datura-tipped darts
Armour
 r - a +2 pair of boots of flying (worn)
 Q - +9 gold dragon scales (worn)
 T - a +0 cloak of preservation (worn)
 Y - a +2 pair of gloves (worn)
 Z - the +3 crown of Dyrovepreva (worn) {rElec Int+2 SInv}
   (You found it in an ice cave)

   Int+2:     It affects your intelligence (+2).
   rElec:     It insulates you from electricity.
   SInv:      It lets you see invisible.
Jewellery
 b - the ring of the Forgotten Beds (left hand) {Will+ Int+2 Stlth+}
   (You found it on level 5 of the Vaults)

   [ring of willpower]

   Int+2:     It affects your intelligence (+2).
   Will+:     It increases your willpower.
   Stlth+:    It makes you more stealthy.
 g - the amulet of Understanding {RegenMP rPois rF++ Will+++ Str-3}
   (You found it in a treasure trove)

   [amulet of magic regeneration]

   RegenMP:   It increases your rate of magic regeneration.
   Str-3:     It affects your strength (-3).
   rF++:      It greatly protects you from fire.
   rPois:     It protects you from poison Will+++: It greatly increases your
   willpower.
 j - the amulet "Ruddos" {Acrobat rF+ Int+2 SInv}
   (You found it on level 3 of the Depths)

   [amulet of the acrobat]

   Acrobat:   It increases your evasion while moving and waiting.
   Int+2:     It affects your intelligence (+2).
   rF+:       It protects you from fire.
   SInv:      It lets you see invisible.
 m - the amulet "Alanatyh" {Acrobat ^Fragile rElec rCorr}
   (You found it on level 5 of the Vaults)

   [amulet of the acrobat]

   Acrobat:   It increases your evasion while moving and waiting.
   rElec:     It insulates you from electricity.
   rCorr:     It protects you from acid and corrosion.
   ^Fragile:  It will be destroyed if unequipped.
 q - the ring of Gozag's Inspiration (right hand) {rF+ rN+ MP+9 Str-2 Dex+7}
   (You found it on level 2 of the Lair of Beasts)

   [ring of positive energy]

   Str-2:     It affects your strength (-2).
   Dex+7:     It affects your dexterity (+7).
   rF+:       It protects you from fire.
   rN+:       It protects you from negative energy.
   MP+9:      It affects your magic capacity (+9).
 B - a ring of protection from cold
 F - a ring of poison resistance
 J - a ring of protection from cold
 K - an amulet of regeneration (around neck)
Wands
 n - a wand of flame (143)
 s - a wand of mindburst (22)
 t - a wand of paralysis (64)
 D - a wand of polymorph (24)
 L - a wand of iceblast (32)
 W - a wand of acid (39)
 X - a wand of digging (20)
Scrolls
 a - 30 scrolls of teleportation
 e - 7 scrolls of silence
 u - 5 scrolls of blinking
 w - 4 scrolls of fog
 z - 8 scrolls of noise
 C - 13 scrolls of poison
 G - 14 scrolls of fear
 H - 3 scrolls of torment
 O - 4 scrolls of butterflies
 S - 6 scrolls of vulnerability
 V - 4 scrolls of immolation
Potions
 c - 5 potions of enlightenment
 d - 23 potions of curing
 k - 14 potions of attraction
 v - 3 potions of magic
 x - 9 potions of haste
 A - 14 potions of might
 I - 5 potions of resistance
 M - a potion of mutation
 N - 6 potions of lignification
 P - 2 potions of heal wounds
 R - 8 potions of ambrosia
 U - 4 potions of invisibility
Miscellaneous
 h - a box of beasts


   Skills:
 O Level 27 Fighting
 - Level 24.0 Axes
 O Level 27 Armour
 + Level 24.5 Dodging
 + Level 21.1 Evocations


You had 25 spell levels left.
You didn't know any spells.
Your spell library contained the following spells:

 Spells                   Type           Power      Damage    Failure   Level
 Dimensional Bullseye     Hex/Tloc       0%         N/A       100%        4
 Martyr's Knell           Necr/Summ      0%         N/A       100%        4
 Passage of Golubria      Tloc           0%         N/A       100%        4


Dungeon Overview and Level Annotations

Branches:
Dungeon (15/15)            Temple (0/1) D:4            Lair (5/5) D:9
  Swamp (4/4) Lair:2       Spider (4/4) Lair:3        Slime (0/5) Lair:5
    Orc (2/2) D:10            Elf (3/3) Orc:2        Vaults (5/5) D:14
  Crypt (0/3) Vaults:3     Depths (4/4) D:15            Zot (5/5) Depths:4
  IceCv (visited)          WizLab (visited)         Gauntlet (visited)

Altars:
Cheibriados
Gozag
Hepliaklqana
Okawaru
Qazlal
Vehumet
Xom
Jiyva
Lugonu

Shops:
D:9 :   D:15 !   Orc:2 *:([   Elf:3 =   Vaults:1 [   Vaults:3 =   Vaults:4 [
Depths:1 (

Portals:
Hell: Depths:1 Depths:2 Depths:3 Depths:4
Abyss: Lair:5 Depths:2 Depths:3
Pandemonium: Depths:2
Ziggurat: Depths:3

Annotations:
D:13 1 runed translucent door, VoidStrider's ghost, journeyman TeAE
D:14 3 runed translucent doors, peterlawrence's ghost, journeyman MiFi
Spider:1 3 runed translucent doors, endersaim's ghost, adept MfSk
Elf:2 3 runed translucent doors
Vaults:1 3 runed translucent doors
Vaults:4 2 transporters
Zot:5 exclusion: obsidian statue


Innate Abilities, Weirdness & Mutations

You have a pair of horns on your head.
You reflexively headbutt those who attack you in melee.
You are clumsy. (Dex -2)
Your magical capacity is low. (-10% MP)
You are covered in fur. (AC +1)
You do not regenerate when monsters are visible.
You are weak. (Str -2)
You have hidden genetic defects.


Message History

You chop the sixfirhy into pieces!!! You burn the sixfirhy.
You kill the sixfirhy!
Trog accepts your kill.
A reaper comes into view. It is wielding a +3 scythe of flaming.
The reaper moves out of view.
There is a stone staircase leading up here.
You fly upwards.
There is a stone staircase leading down here.
What level of the Dungeon? (default 1, ? - help)
Things that are here:
a +0 leather armour; a +0 falchion
There is a stone staircase leading up here.
You fly upwards.
There is a stone staircase leading down here.
A daeva comes into view.
It is wielding a +5 eudemon blade of holy wrath.
There is an open door here.
The daeva calls down the wrath of the Shining One upon you.
The Shining One smites you!
The daeva calls down the wrath of the Shining One upon you.
The Shining One smites you!
Things that are here:
a +0 whip; a +0 flail; a gnoll skeleton
There is a stone staircase leading up here.
You fly upwards.
There is a stone staircase leading down here.
What level of the Dungeon? (default 1, ? - help)
You reach down and open the door.
There is an open door here.
HP restored.
There is a stone staircase leading up here.
You fly upwards.
There is a stone staircase leading down here.
A hellion comes into view.
You reach down and open the door.
The hellion gestures at you.
The sphere of damnation explodes!
The damnation engulfs you!!!
There is an open door here.
There is a fountain of clear blue water here.
There is a staircase leading out of the dungeon here.
You have escaped!

......................#
.#################....# ##
##.....########
##.........######
#..........##...#
#...#.........#.#
#...##..#'#..##.#
#....####⌠####..#
#..8..++⌠@⌠++..8######
#....####⌠####..######
#...##..#'#..##.######
####...#....2....#.######
##..........)..##...######
##..##..[......############
###..####.......#.......#####
#...## ##.....##....>..#####
#.### ########..2....#####


You could see a hellion.

Vanquished Creatures
  7 dread liches
  5 ancient liches
  4 orbs of fire
  Mara (Depths:3)
  Mennas (Depths:4)
  3 juggernauts
  3 Killer Klowns (Zot:5)
  2 curse toes
  A caustic shrike (Depths:2)
  Nikola (Vaults:1)
  8 golden dragons
  the Enchantress (Depths:3)
  Norris (Depths:3)
  3 bone dragons
  5 electric golems
  Jorgrun (D:15)
  An iron giant (Zot:2)
  2 walking crystal tomes
  22 tentacled monstrosities
  Mlioglotl (Spider:2)
  Asterion (Depths:2)
  25 Orb Guardians
  Zenata (Vaults:1)
  4 liches
  An Ice Fiend (D:9)
  The ghost of Suryr the Thaumaturge, an adept GnHW of Sif Muna (Swamp:4)
  8 quicksilver dragons
  2 deep elf blademasters (Elf:3)
  8 titans
  7 sphinxes
  2 deep elf master archers (Elf:3)
  The ghost of Strat the Bringer of Life, an adept HOMo of Elyvilon (Swamp:2)
  A tentacled starspawn (Abyss:1)
  Agnes (Elf:1)
  9 death cobs
  The ghost of Nomoy the Severer, an adept NaFi of Ignis (Swamp:4)
  18 shadow dragons
  A thorn hunter (Swamp:4)
  Roxanne (Elf:2)
  9 storm dragons
  2 strange machines (WizLab)
  6 tengu reavers
  6 protean progenitors
  2 daevas
  5 fire giants
  13 frost giants
  15 draconian monks
  3 emperor scorpions
  5 draconian knights
  A balrug (Depths:2)
  11 ghost moths
  2 draconian shifters
  7 iron dragons
  17 vault wardens
  An orc warlord (Orc:1)
  A cacodemon (D:9)
  7 deep elf sorcerers
  3 deep elf elementalists
  3 broodmothers
  6 draconian stormcallers
  5 draconian scorchers
  3 spriggan defenders (Depths:3)
  23 ironbound preservers
  18 stone giants
  7 ironbound thunderhulks
  21 very ugly things
  A formless jellyfish (Vaults:3)
  A draconian annihilator (Zot:3)
  8 black draconians
  10 yellow draconians
  5 deep elf demonologists
  10 green draconians
  3 vampire knights
  A starcursed mass (Abyss:1)
  7 deep elf annihilators
  Azrael (Orc:1)
  A war gargoyle (Vaults:4)
  10 deep elf death magi
  2 dire elephants
  An eleionoma (Swamp:1)
  13 white draconians
  12 red draconians
  10 spark wasps
  10 purple draconians
  4 bunyips
  Snorg (D:13)
  A crystal guardian (Vaults:1)
  14 fire dragons
  12 ettins
  A merfolk impaler (Depths:1)
  A green death (Depths:2)
  Josephine (Orc:1)
  6 deep elf high priests
  6 entropy weavers
  13 yaktaur captains
  An entropy weaver (shapeshifter) (D:15)
  A shambling mangrove (Swamp:3)
  9 hydras
  4 great orbs of eyes
  15 ice dragons
  35 vault guards
  Erolcha (Orc:1)
  3 peacekeepers
  7 spriggan air magi
  6 radroaches
  4 ghost crabs
  7 rakshasas
  Fannar (D:10)
  2 catoblepae
  3 ogre magi
  Erica (D:9)
  10 alligators
  13 centaur warriors
  5 jorogumos
  28 dancing weapons
  6 boulder beetles
  7 ironbound frosthearts
  7 two-headed ogres
  2 vampire magi
  5 orc high priests
  4 tengu warriors
  12 deep troll shamans
  An occultist (Depths:2)
  4 thrashing horrors (Lair:5)
  13 deep troll earth magi
  3 demonic crawlers
  Urug (D:10)
  7 spriggan berserkers
  3 sun demons (Depths:2)
  11 hell knights
  A wretched star (Abyss:1)
  13 deep elf knights
  A shock serpent (shapeshifter) (Depths:3)
  A pharaoh ant (Spider:1)
  4 skysharks
  A storm dragon skeleton (Vaults:4)
  A spectral bunyip (Swamp:4)
  6 skeletal warriors
  A skyshark (shapeshifter) (Vaults:4)
  2 sixfirhies
  7 iron trolls
  A deep troll (shapeshifter) (Depths:3)
  3 goliath frogs
  56 deep trolls
  2 flayed ghosts
  5 spectral hydras (Swamp:4)
  7 orb spiders
  7 arcanists
  5 deep elf archers
  2 glowing orange brains
  2 mana vipers (shapeshifter)
  2 spriggan druids
  14 large abominations
  22 ironbound convokers
  6 bog bodies
  3 steelbarb worms
  2 swamp dragons
  8 lindwurms
  2 death drakes (shapeshifter)
  7 phantasmal warriors
  A sun moth (Spider:2)
  6 harpies
  20 deep elf pyromancers
  14 deep elf zephyrmancers
  4 orc knights
  Pikel (D:6)
  9 necromancers
  A harpy (shapeshifter) (Elf:3)
  A stone giant zombie (Vaults:4)
  40 ugly things
  3 orc sorcerers
  A fire giant zombie (Depths:1)
  3 fauns (Zot:3)
  3 will-o-the-wisps
  2 fauns (shapeshifter)
  5 cyclopes
  A shadow dragon skeleton (Vaults:4)
  18 wolf spiders
  A human zombie (Vaults:4)
  A shining eye (shapeshifter) (Depths:3)
  23 moths of wrath
  3 manticores
  14 elephants
  A kobold blastminer (Orc:2)
  A black mamba (shapeshifter) (D:13)
  An eye of devastation (shapeshifter) (Vaults:3)
  A stone giant skeleton (Abyss:1)
  An ice statue (IceCv)
  22 vault sentinels
  14 cane toads
  4 orange demons
  7 black mambas
  3 torpor snails
  2 smoke demons (Lair:5)
  3 kobold demonologists
  2 unseen horrors (Depths:3)
  4 swamp worm zombies (Swamp:4)
  6 rime drakes
  3 freezing wraiths
  39 yaktaurs
  Psyche (D:12)
  An unseen horror (shapeshifter) (D:14)
  6 tengu conjurers
  6 komodo dragons
  A komodo dragon (shapeshifter) (D:15)
  3 hydra zombies (Swamp:4)
  An ice devil (D:9)
  11 polar bears
  A yaktaur skeleton (Vaults:4)
  12 trolls
  A wolf spider simulacrum (Gauntlet)
  24 tarantellas
  A bloated husk (Swamp:4)
  20 hornets
  4 raiju
  12 tyrant leeches
  8 glass eyes
  29 blink frogs
  2 snapping turtles (Zot:3)
  An ettin zombie (Abyss:1)
  A stone giant simulacrum (Vaults:4)
  2 spectral swamp dragons (Swamp:4)
  15 slime creatures
  2 snapping turtles (shapeshifter)
  Sigmund (D:5)
  A fire giant simulacrum (Depths:1)
  33 jumping spiders
  16 spriggans
  11 culicivoras
  A shadow (D:12)
  47 yaks
  3 centaur simulacra (Gauntlet)
  5 air elementals
  A wyvern (Lair:5)
  4 wraiths
  6 fire elementals
  A warg (shapeshifter) (D:15)
  5 chaos spawn
  5 water elementals
  A fire bat (Orc:1)
  6 basilisks
  A neqoxec (Abyss:1)
  3 wargs
  A redback (shapeshifter) (Vaults:4)
  3 tyrant leech zombies (Swamp:4)
  A human (shapeshifter) (Lair:5)
  A steam dragon (D:9)
  15 vampire mosquitoes
  37 redbacks
  13 small abominations
  2 harpy simulacra (Gauntlet)
  A glowing shapeshifter zombie (Depths:1)
  3 acid dragons
  7 swamp worms
  A glowing shapeshifter skeleton (Depths:1)
  4 hell hounds
  19 water moccasins
  A water moccasin (shapeshifter) (Lair:5)
  5 laughing skulls (Abyss:1)
  21 orc warriors
  4 swamp dragon zombies (Swamp:4)
  4 black bears
  2 ice beasts
  A sky beast (D:8)
  12 ogres
  41 wolves
  6 boggarts
  4 centaurs
  7 elf zombies
  7 phantoms
  2 kobold brigands
  Blork the orc (D:6)
  14 bullfrogs
  2 gnoll sergeants (D:6)
  An earth elemental (Elf:3)
  A cane toad simulacrum (Gauntlet)
  2 scorpions
  4 wights (D:7)
  20 killer bees
  2 howler monkeys (D:9)
  7 electric eels
  A quasit (Abyss:1)
  4 hounds
  11 orc priests
  2 bombardier beetles
  4 jellies
  3 sleepcaps
  An iron imp (Abyss:1)
  An iguana (D:5)
  18 orc wizards
  5 hell rats (Lair:3)
  Terence (D:3)
  12 gnolls
  9 adders
  11 white imps (Lair:2)
  4 dart slugs
  3 ribbon worms
  65 orcs
  5 bats
  4 endoplasms
  2 giant cockroaches (D:4)
  3 goblins
  6 hobgoblins
  5 jackals
  5 quokkas
  7 ball pythons
  2 frilled lizards
  16 kobolds
  3 rats
  An aspiring flesh (Zot:4)
2068 creatures vanquished.

Vanquished Creatures (collateral kills)
  A golden dragon (Depths:4)
  A vault warden (Vaults:4)
  The ghost of Ypsiuj the Thaumaturge, an adept GnSk of Makhleb (Swamp:4)
  The ghost of swinepaste the Fencer, a journeyman DsMo of Wu Jian (Swamp:4)
  2 very ugly things (Depths:2)
  A minotaur (Gauntlet)
  A rakshasa (Depths:2)
  A hydra (Lair:5)
  A glowing orange brain (Vaults:4)
  A necromancer (Depths:2)
  A wolf spider (Spider:2)
  A tengu conjurer (Depths:2)
  A blink frog (Lair:5)
  A snapping turtle (Zot:3)
  A basilisk (Lair:5)
  A yak (Lair:5)
  2 orc warriors
  3 wolves (Lair:5)
  An orc (D:9)
23 creatures vanquished.

Vanquished Creatures (others)
  A shadow dragon (Zot:3)
  A draconian shifter (Zot:1)
  A rakshasa (WizLab)
  A hell knight (Vaults:5)
  A spectral hydra (Swamp:4)
  A vault sentinel (Vaults:5)
  6 bloated husks
  A spectral swamp dragon (Swamp:4)
  A vampire mosquito (Swamp:3)
  A redback (Spider:4)
  A swamp worm (Swamp:4)
  2 orc warriors
  2 phantoms (Swamp:4)
  An orc wizard (Orc:2)
  A white imp (Lair:2)
  22 foxfires
  2 starspawn tentacles (Abyss:1)
46 creatures vanquished.

Grand Total: 2137 creatures vanquished

Notes
Turn   | Place    | Note
-------+----------+-------------------------------------------
     0 | D:1      | jasper the Minotaur Berserker began the quest for the Orb.
     0 | D:1      | Reached XP level 1. HP: 19/19 MP: 0/0
    42 | D:1      | You fall into a shaft and drop 1 floor!
   252 | D:1      | Reached XP level 2. HP: 16/26 MP: 1/1
  1089 | D:2      | Reached skill level 5 in Axes
  1089 | D:2      | Reached XP level 3. HP: 28/31 MP: 2/2
  1884 | D:3      | Reached ** piety under Trog
  1935 | D:3      | Noticed Terence
  1942 | D:3      | Killed Terence
  1943 | D:3      | Reached XP level 4. HP: 39/39 MP: 3/3
  2339 | D:3      | Reached XP level 5. HP: 45/45 MP: 4/4
  2913 | D:4      | Reached *** piety under Trog
  2949 | D:4      | Found an opulent altar of Gozag.
  3020 | D:4      | Reached XP level 6. HP: 52/52 MP: 5/5
  3525 | D:4      | Found a staircase to the Ecumenical Temple.
  3625 | D:5      | Entered Level 5 of the Dungeon
  3938 | D:5      | Noticed an ice beast
  3945 | D:5      | Killed an ice beast
  3976 | D:5      | Reached XP level 7. HP: 60/60 MP: 6/6
  4009 | D:5      | Noticed Sigmund
  4020 | D:5      | Killed Sigmund
  4021 | D:5      | Reached skill level 5 in Fighting
  4519 | D:6      | Noticed Blork the orc
  4536 | D:6      | Killed Blork the orc
  4537 | D:6      | Reached skill level 5 in Armour
  4551 | D:6      | Reached XP level 8. HP: 52/70 MP: 7/7
  4593 | D:6      | Reached skill level 10 in Axes
  4817 | D:6      | Reached **** piety under Trog
  4917 | D:6      | Noticed Pikel
  4943 | D:6      | Killed Pikel
  4944 | D:6      | Reached XP level 9. HP: 75/79 MP: 8/8
  6700 | D:8      | Reached ***** piety under Trog
  7043 | D:8      | Reached XP level 10. HP: 90/90 MP: 9/9
  7304 | D:8      | Noticed a two-headed ogre
  7311 | D:8      | Killed a two-headed ogre
  7606 | D:8      | Identified the +6 mace "Dadesesch" {heavy, Dex+8}
  7985 | D:9      | Found Latecrad's Book Boutique.
  8089 | D:9      | Noticed Erica
  8090 | D:9      | Received a gift from Trog
  8110 | D:9      | Killed Erica
  8260 | D:9      | Noticed a two-headed ogre
  8268 | D:9      | Killed a two-headed ogre
  8269 | D:9      | Reached skill level 10 in Fighting
  8284 | D:9      | Found a staircase to the Lair.
  8740 | D:10     | Entered Level 10 of the Dungeon
  8740 | D:10     | Noticed Urug
  8779 | Lair:1   | Entered Level 1 of the Lair of Beasts
  8785 | Lair:1   | Reached skill level 15 in Axes
  8785 | Lair:1   | Reached skill level 10 in Armour
  8791 | Lair:1   | Reached XP level 11. HP: 72/101 MP: 10/10
  9267 | Lair:1   | Noticed a lindwurm
  9267 | Lair:1   | Noticed a lindwurm
  9281 | Lair:1   | Killed a lindwurm
  9286 | Lair:1   | Killed a lindwurm
  9299 | Lair:1   | Noticed a lindwurm
  9311 | Lair:1   | Killed a lindwurm
 10006 | Lair:1   | Reached skill level 1 in Evocations
 10344 | Lair:1   | Reached XP level 12. HP: 101/111 MP: 11/11
 10947 | Lair:2   | Noticed a catoblepas
 10963 | Lair:2   | Killed a catoblepas
 10964 | Lair:2   | Reached skill level 5 in Evocations
 10966 | Lair:2   | Found a frozen archway.
 11133 | IceCv    | Entered an ice cave
 12191 | IceCv    | Noticed a frost giant
 12215 | IceCv    | Killed a frost giant
 12215 | IceCv    | Received a gift from Trog
 12426 | IceCv    | Found the +3 crown of Dyrovepreva {rElec Int+2 SInv}
 12608 | D:10     | Killed Urug
 12889 | D:10     | Noticed a two-headed ogre
 12896 | D:10     | Killed a two-headed ogre
 12930 | D:10     | Reached XP level 13. HP: 87/118 MP: 12/12
 12945 | D:10     | Found a staircase to the Orcish Mines.
 13484 | Orc:1    | Entered Level 1 of the Orcish Mines
 13484 | Orc:1    | Noticed Fannar
 13485 | Orc:1    | Noticed Josephine
 13560 | D:11     | Found a gate leading to a gauntlet.
 13567 | D:11     | Received a gift from Trog
 13593 | Gauntlet | Entered a Gauntlet
 13593 | Gauntlet | Found a transporter.
 13593 | Gauntlet | Found a transporter.
 13593 | Gauntlet | Found a transporter.
 13594 | Gauntlet | Found a transporter.
 13595 | Gauntlet | Found a transporter.
 13598 | Gauntlet | Found a transporter.
 13605 | Gauntlet | Found a transporter.
 13607 | Gauntlet | Found a transporter.
 13607 | Gauntlet | Found a transporter.
 13609 | Gauntlet | Found a transporter.
 13617 | Gauntlet | Found a transporter.
 13618 | Gauntlet | Found a transporter.
 13974 | Gauntlet | Identified the ring "Mypini" {EV+5 Dex+2}
 14010 | Gauntlet | Noticed a minotaur
 14015 | Gauntlet | Killed a minotaur
 14241 | Gauntlet | Got the Volume of Loathsome Relocation
 15730 | Lair:2   | Found a staircase to the Swamp.
 15735 | Lair:2   | Identified the ring of Gozag's Inspiration {rF+ rN+ MP+9
                  | Str-2 Dex+7}
 15838 | Lair:2   | Reached skill level 5 in Dodging
 16064 | Lair:3   | Found a hole to the Spider Nest.
 16132 | Lair:3   | Received a gift from Trog
 17505 | Lair:4   | Reached XP level 14. HP: 133/133 MP: 13/13
 17891 | D:10     | Killed Fannar
 17931 | Orc:1    | Killed Josephine
 17987 | Orc:1    | Reached skill level 15 in Fighting
 18022 | Orc:1    | Identified the +2 battleaxe of Gegej {antimagic, Str+8}
                  | (Trog gifted it to you on level 1 of the Orcish Mines)
 18022 | Orc:1    | Received a gift from Trog
 18254 | Orc:1    | Noticed Erolcha
 18259 | Orc:1    | Reached ****** piety under Trog
 18260 | Orc:1    | Killed Erolcha
 18336 | Orc:1    | Found a shimmering altar of Xom.
 18462 | Orc:2    | Entered Level 2 of the Orcish Mines
 18676 | Orc:2    | Noticed an orc warlord
 18926 | Orc:1    | Killed an orc warlord
 19673 | Orc:2    | Noticed Azrael
 19840 | Orc:1    | Killed Azrael
 19857 | Orc:2    | Received a gift from Trog
 20052 | Orc:2    | Found Boumaep's Antique Armour Shoppe.
 20220 | Orc:2    | Found Vuohoxaj's Antique Weapon Boutique.
 20313 | Orc:2    | Found Kackupum's Book Shoppe.
 20339 | Orc:2    | Found Vaollualet's General Store.
 20391 | Orc:2    | Bought a scroll of blinking for 105 gold pieces
 20391 | Orc:2    | Bought a potion of ambrosia for 112 gold pieces
 20391 | Orc:2    | Bought a potion of lignification for 42 gold pieces
 20391 | Orc:2    | Bought a scroll of identify for 28 gold pieces
 20667 | Orc:2    | Found a staircase to the Elven Halls.
 20768 | Orc:2    | Bought a runed plate armour for 858 gold pieces
 20950 | Lair:5   | Entered Level 5 of the Lair of Beasts
 21003 | Lair:5   | Identified the +6 quarterstaff of Stickiness {heavy, rC+
                  | Str-5 Dex+2} (Trog gifted it to you on level 5 of the Lair
                  | of Beasts)
 21003 | Lair:5   | Received a gift from Trog
 21336 | Lair:5   | Found a staircase to the Slime Pits.
 21339 | Lair:5   | Found a viscous altar of Jiyva.
 21995 | Lair:5   | Reached XP level 15. HP: 115/147 MP: 7/14
 22317 | Lair:5   | Identified the +3 scale mail of Rint {^Contam Fly MP+9
                  | SInv}
 22393 | Lair:5   | Received a gift from Trog
 22772 | Abyss:1  | Cast into level 1 of the Abyss (spriggan)
 23001 | Abyss:1  | Paralysed by an air elemental for 1 turns
 23040 | Abyss:1  | Noticed a tentacled starspawn
 23047 | Abyss:1  | Killed a tentacled starspawn
 23048 | Abyss:1  | Reached skill level 15 in Armour
 23051 | Abyss:1  | Noticed a daeva
 23062 | Abyss:1  | Killed a daeva
 23229 | Lair:5   | Escaped the Abyss
 23416 | Lair:5   | Found a corrupted altar of Lugonu.
 23416 | Lair:5   | Found a one-way gate to the infinite horrors of the Abyss.
 23894 | D:12     | Reached skill level 10 in Dodging
 24163 | D:12     | Found a hazy altar of Hepliaklqana.
 24183 | D:12     | Identified a scroll of acquirement
 24184 | D:12     | Acquired 480 gold pieces
 24321 | D:12     | Noticed Psyche
 24328 | D:12     | Killed Psyche
 24665 | D:13     | Found a runed translucent door.
 24665 | D:13     | Found a shimmering altar of Xom.
 24665 | D:13     | Noticed VoidStrider's ghost (journeyman TeAE)
 24770 | D:13     | Noticed Snorg
 24780 | D:13     | Killed Snorg
 25197 | D:14     | Received a gift from Trog
 25210 | D:14     | Found a gate to the Vaults.
 25792 | D:14     | Found a runed translucent gate.
 25792 | D:14     | Found a runed translucent gate.
 25792 | D:14     | Found a runed translucent gate.
 25796 | D:14     | Noticed peterlawrence's ghost (journeyman MiFi)
 25799 | D:14     | Found an iron altar of Okawaru.
 26407 | D:15     | Entered Level 15 of the Dungeon
 26444 | D:15     | Found Ybirot's Distillery.
 26449 | D:15     | Bought a potion of curing for 45 gold pieces
 26449 | D:15     | Bought a potion of haste for 150 gold pieces
 26449 | D:15     | Bought a potion of curing for 45 gold pieces
 26449 | D:15     | Bought a potion of curing for 45 gold pieces
 26624 | D:15     | Reached XP level 16. HP: 161/161 MP: 8/15
 26970 | D:15     | Found a radiant altar of Vehumet.
 27050 | D:15     | Noticed Jorgrun
 27070 | D:15     | Killed Jorgrun
 27153 | D:15     | Found a staircase to the Depths.
 27751 | Spider:1 | Entered Level 1 of the Spider Nest
 27947 | Spider:1 | Found a runed translucent gate.
 27948 | Spider:1 | Found a runed translucent gate.
 27991 | Spider:1 | Found a runed translucent gate.
 27996 | Spider:1 | Noticed endersaim's ghost (adept MfSk)
 28114 | Swamp:1  | Entered Level 1 of the Swamp
 28367 | Swamp:1  | Received a gift from Trog
 28694 | Swamp:1  | Identified the staff "Dragon's Tongue" {rElec Int+4 SInv
                  | Air}
 28978 | Swamp:2  | Found a runed translucent door.
 28978 | Swamp:2  | Noticed Strat's ghost (adept HOMo)
 29471 | Swamp:2  | Identified the +0 pair of gloves of Imperfection {Will-
                  | Dex+3 Slay+2}
 29756 | Swamp:2  | Killed Strat's ghost
 30284 | Swamp:3  | Received a gift from Trog
 31277 | Swamp:4  | Entered Level 4 of the Swamp
 31845 | Swamp:4  | Noticed a thorn hunter
 32010 | Swamp:4  | Killed a thorn hunter
 32208 | Swamp:4  | Received a gift from Trog
 32451 | Swamp:4  | Found a runed translucent gate.
 32451 | Swamp:4  | Found a runed translucent gate.
 32452 | Swamp:4  | Found a runed translucent gate.
 32454 | Swamp:4  | Noticed Nomoy's ghost (adept NaFi)
 32454 | Swamp:4  | Noticed Ypsiuj's ghost (adept GnSk)
 32454 | Swamp:4  | Noticed swinepaste's ghost (journeyman DsMo)
 32454 | Swamp:4  | Noticed Suryr's ghost (adept GnHW)
 32663 | Swamp:4  | Killed swinepaste's ghost
 32664 | Swamp:4  | Killed Nomoy's ghost
 32665 | Swamp:4  | Reached XP level 17. HP: 129/170 MP: 8/16
 32668 | Swamp:4  | Killed Ypsiuj's ghost
 32675 | Swamp:4  | Killed Suryr's ghost
 33003 | Swamp:4  | Noticed a bone dragon
 33018 | Swamp:4  | Killed a bone dragon
 33261 | Swamp:4  | Got a decaying rune of Zot
 34063 | Spider:2 | Received a gift from Trog
 34073 | Spider:2 | Noticed Mlioglotl
 34086 | Spider:2 | Killed Mlioglotl
 34087 | Spider:2 | Reached skill level 10 in Evocations
 36607 | Spider:4 | Entered Level 4 of the Spider Nest
 36614 | Spider:4 | Received a gift from Trog
 36810 | Spider:4 | Identified the +0 robe of Reason {rN+}
 37571 | Spider:4 | Reached XP level 18. HP: 142/178 MP: 17/17
 37681 | Spider:4 | Received a gift from Trog
 38411 | Spider:4 | Got a gossamer rune of Zot
 38775 | Elf:1    | Entered Level 1 of the Elven Halls
 39254 | Elf:1    | You are sucked into a shaft and drop 1 floor!
 39254 | Elf:2    | Noticed Agnes
 39262 | Elf:1    | Killed Agnes
 39336 | Elf:1    | Received a gift from Trog
 39521 | Elf:1    | Paralysed by an air elemental for 1 turns
 40056 | Elf:2    | Noticed Roxanne
 40061 | Elf:2    | Paralysed by an air elemental for 1 turns
 40066 | Elf:2    | Paralysed by an air elemental for 1 turns
 40075 | Elf:2    | Killed Roxanne
 40279 | Elf:2    | Identified the +5 quarterstaff "Biruihim" {drain, rF+}
 40342 | Elf:2    | Received a gift from Trog
 40632 | Elf:2    | Found a runed translucent gate.
 40635 | Elf:2    | Found a runed translucent gate.
 40635 | Elf:2    | Found a runed translucent gate.
 40676 | Elf:3    | Entered Level 3 of the Elven Halls
 40690 | Elf:3    | Identified the +3 chain mail "Yzupp" {Will+}
 41447 | Elf:3    | Found Cudot's Jewellery Shoppe.
 41570 | Elf:3    | Bought an amulet of regeneration for 390 gold pieces
 42071 | Elf:3    | Identified the +6 glaive of the Pariah {flame, ^Contam
                  | rElec rPois Stlth-}
 42089 | Elf:3    | Identified the ring "Amiaptidd" {rPois Will- rCorr AC+4
                  | Stlth-}
 42089 | Elf:3    | Identified the +4 falchion of Eppiog {drain, rCorr Dex+3}
 42104 | Elf:3    | Identified the +8 falchion of Dipaysk {freeze, rC+ Will+
                  | Str-3}
 42104 | Elf:3    | Identified the +8 quarterstaff of Bierie {heavy, rPois
                  | Str+6}
 42108 | Elf:3    | Reached skill level 15 in Dodging
 42110 | Elf:3    | Reached XP level 19. HP: 78/185 MP: 18/18
 42393 | Elf:3    | Identified the ring "Jidatz" {Str+6 Dex+3}
 42831 | Vaults:1 | Entered Level 1 of the Vaults
 43265 | Vaults:1 | Identified the +5 battleaxe of the Modern Mice {spect, rF++
                  | Str+5 Int+3}
 43291 | Vaults:1 | Noticed Nikola
 43302 | Vaults:1 | Killed Nikola
 43518 | Vaults:1 | Found Ofofituj's Antique Armour Shop.
 43546 | Vaults:1 | Found a runed translucent gate.
 43547 | Vaults:1 | Found a runed translucent gate.
 43547 | Vaults:1 | Found a runed translucent gate.
 43565 | Vaults:1 | Noticed Zenata
 43576 | Vaults:1 | Killed Zenata
 43779 | Vaults:1 | Identified the +7 battleaxe "Worm" {heavy, ^Drain rN++
                  | rCorr Dex+2} (Trog gifted it to you on level 1 of the
                  | Vaults)
 43779 | Vaults:1 | Received a gift from Trog
 45334 | Vaults:2 | You are sucked into a shaft and drop 2 floors!
 45417 | Vaults:4 | Received a gift from Trog
 45617 | Vaults:4 | Found Tuhix's Antique Armour Boutique.
 45648 | Vaults:4 | Bought a pair of runed gloves for 255 gold pieces
 45709 | Vaults:4 | Reached XP level 20. HP: 179/205 MP: 19/19
 45796 | Vaults:4 | Received a gift from Trog
 46500 | Vaults:4 | Found a transporter.
 46500 | Vaults:4 | Found a transporter.
 46886 | Vaults:3 | Found Qerchoka's Jewellery Boutique.
 47004 | Vaults:3 | Received a gift from Trog
 47794 | Vaults:3 | Paralysed by a formless jellyfish for 1 turns
 47971 | Vaults:3 | Found a staircase to the Crypt.
 47990 | Vaults:3 | Identified the +3 executioner's axe of Righteous Fury
                  | {heavy, rC+ Will+ Str+2 Int-3} (Trog gifted it to you on
                  | level 3 of the Vaults)
 47990 | Vaults:3 | Received a gift from Trog
 47998 | Vaults:3 | Gained mutation: You do not regenerate when monsters are
                  | visible. [a shining eye]
 48015 | Vaults:3 | Reached skill level 27 in Fighting
 48044 | Vaults:3 | Lost mutation: You do not regenerate when monsters are
                  | visible. [potion of mutation]
 48044 | Vaults:3 | Gained mutation: You have large cloven feet. [potion of
                  | mutation]
 48044 | Vaults:3 | Gained mutation: Your muscles are strong. (Str +4, Int/Dex
                  | -1) [potion of mutation]
 48044 | Vaults:3 | Gained mutation: Your flesh is heat resistant. (rF+)
                  | [potion of mutation]
 48751 | Depths:1 | Entered Level 1 of the Depths
 48772 | Depths:1 | Reached XP level 21. HP: 182/224 MP: 20/20
 48877 | Depths:1 | Received a gift from Trog
 49152 | Depths:1 | Identified the +7 mace of the Unspeakable One {freeze,
                  | rPois rF- Str+7}
 49171 | Depths:1 | Found Ymialank's Weapon Shoppe.
 49613 | Depths:1 | Found a gateway to Hell.
 49784 | Depths:1 | Found a snail-covered altar of Cheibriados.
 49840 | Depths:2 | Found a magical portal.
 49863 | WizLab   | Entered Tukima's Studio
 49886 | WizLab   | Identified the +8 hand cannon of the Tired Emperors {penet,
                  | Int+3}
 49967 | WizLab   | Noticed jasper's illusion
 50017 | WizLab   | Identified the +2 hand cannon of the Whale {penet, MP+9
                  | Stlth+}
 50364 | Depths:2 | Noticed Asterion
 50373 | Depths:2 | Killed Asterion
 51016 | Depths:2 | Found the +27 heavy crossbow "Sniper" {heavy, Acc+∞ SInv}
 51331 | Depths:2 | Received a gift from Trog
 51335 | Depths:2 | Noticed a caustic shrike
 51350 | Depths:2 | Killed a caustic shrike
 51635 | Depths:2 | Identified the +8 falchion of the Valley of Death {flame,
                  | Dex+3}
 51636 | Depths:2 | Identified the +0 robe of Immorality {rF+}
 51827 | Depths:2 | Found a one-way gate leading to the halls of Pandemonium.
 51957 | Depths:3 | Received a gift from Trog
 52058 | Depths:3 | Noticed Norris
 52069 | Depths:3 | Killed Norris
 52071 | Depths:3 | Reached XP level 22. HP: 133/233 MP: 21/21
 52074 | Depths:3 | Identified the ring of Eternity {Int+2 Dex+5 SInv}
 52075 | Depths:3 | Noticed a juggernaut
 52087 | Depths:3 | Killed a juggernaut
 52103 | Depths:3 | Noticed a juggernaut
 52114 | Depths:3 | Killed a juggernaut
 52137 | Depths:3 | HP: 7/233 [stone giant (7)]
 52144 | Depths:3 | HP: 4/233 [stone giant (19)]
 52363 | Depths:3 | Identified the amulet "Ruddos" {Acrobat rF+ Int+2 SInv}
 52424 | Depths:3 | Identified the +1 plate armour of Tankinu {Will++ rCorr
                  | Int+3 Stlth-}
 52615 | Depths:3 | Identified the +6 chain mail of Card Tricks {+Blink rPois
                  | rF+}
 52699 | Depths:3 | Noticed Mara
 52702 | Depths:3 | Noticed jasper's illusion
 52713 | Depths:3 | Killed Mara
 52713 | Depths:3 | Received a gift from Trog
 53096 | Depths:3 | Noticed the Enchantress
 53122 | Depths:3 | Killed the Enchantress
 53157 | Depths:3 | Found a portal to a secret trove of treasure.
 53231 | Depths:3 | Found a one-way gateway to a ziggurat.
 53717 | Depths:4 | Entered Level 4 of the Depths
 53791 | Depths:4 | Found an iron altar of Okawaru.
 53832 | Depths:4 | Identified the +8 mace of Loh Rops {heavy, Fly rF+}
 53888 | Depths:4 | Noticed Mennas
 53910 | Depths:4 | Killed Mennas
 53949 | Depths:4 | Noticed a juggernaut
 53959 | Depths:4 | Killed a juggernaut
 53979 | Depths:4 | Noticed a golden dragon
 54030 | Depths:4 | Killed a golden dragon
 54181 | Depths:4 | Found a gate to the Realm of Zot.
 54641 | Depths:3 | You paid a toll of a +5 demon blade to enter a treasure
                  | trove
 54642 | Trove    | Entered a treasure trove
 54684 | Trove    | Identified the amulet of Understanding {RegenMP rPois rF++
                  | Will+++ Str-3}
 54686 | Trove    | Identified the ring "Kuexuoso" {Fly Dex+2}
 55057 | Vaults:5 | Entered Level 5 of the Vaults
 55058 | Vaults:5 | Noticed a golden dragon
 55072 | Vaults:4 | Reached XP level 23. HP: 209/240 MP: 22/22
 55110 | Vaults:5 | Received a gift from Trog
 55578 | Vaults:5 | Noticed a dread lich
 55579 | Vaults:5 | Reached skill level 15 in Evocations
 55730 | Vaults:4 | Killed a dread lich
 55755 | Vaults:4 | Received a gift from Trog
 56038 | Vaults:5 | Noticed a dread lich
 56111 | Vaults:5 | Killed a dread lich
 56208 | Vaults:5 | Identified the +1 mace of the Wizarding Madman {protect,
                  | Str+2}
 56220 | Vaults:5 | Identified the +9 war axe "Gusuakec" {holy, rN++ Will++
                  | SInv}
 56226 | Vaults:5 | Found the +6 arbalest "Damnation" {damnation}
 56665 | Vaults:5 | Noticed a dread lich
 56675 | Vaults:5 | Killed a dread lich
 56785 | Vaults:5 | Identified the amulet "Alanatyh" {Acrobat ^Fragile rElec
                  | rCorr}
 56822 | Vaults:5 | Acquired 706 gold pieces
 56829 | Vaults:5 | Got a silver rune of Zot
 56969 | Vaults:5 | Identified the ring of the Forgotten Beds {Will+ Int+2
                  | Stlth+}
 58020 | Zot:1    | Entered Level 1 of the Realm of Zot
 58043 | Depths:4 | Reached XP level 24. HP: 226/249 MP: 22/22
 58317 | Zot:1    | Received a gift from Trog
 58619 | Zot:1    | Identified the +1 pair of boots of Yptenoa {Rampage Dex+3}
 58624 | Zot:1    | Gained mutation: Armour fits poorly on your strangely
                  | shaped body. [mutagenic glow]
 58937 | Zot:2    | Lost mutation: Your flesh is heat resistant. (rF+) [potion
                  | of mutation]
 58937 | Zot:2    | Lost mutation: You have large cloven feet. [potion of
                  | mutation]
 58937 | Zot:2    | Gained mutation: Your body sometimes deteriorates upon
                  | taking damage. [potion of mutation]
 58939 | Zot:2    | Lost mutation: Your muscles are strong. (Str +4, Int/Dex
                  | -1) [potion of mutation]
 58939 | Zot:2    | Lost mutation: Your body sometimes deteriorates upon taking
                  | damage. [potion of mutation]
 58939 | Zot:2    | Lost mutation: Armour fits poorly on your strangely shaped
                  | body. [potion of mutation]
 58939 | Zot:2    | Gained mutation: You expend magic power (3 MP) to
                  | strengthen your wands. [potion of mutation]
 59485 | Zot:2    | Noticed an ancient lich
 59572 | Zot:2    | Killed an ancient lich
 59572 | Zot:2    | Received a gift from Trog
 59636 | Zot:2    | Found a stormy altar of Qazlal.
 59697 | Zot:2    | Identified the staff of Zuthroata {*Corrode Str+6 Conj}
 61252 | Zot:3    | Reached XP level 25. HP: 225/257 MP: 22/22
 61982 | Zot:3    | HP: 5/249 [snapping turtle[a protean progenitor] (48)]
 62570 | Zot:3    | Identified the +1 chain mail of the Moon {Dex+2}
 63398 | Zot:4    | Identified the +2 whip of Xuaggony {chaos, +Blink Int+4}
 64383 | Zot:5    | Entered Level 5 of the Realm of Zot
 64666 | Zot:5    | Reached skill level 27 in Armour
 65014 | Zot:5    | Noticed an orb of fire
 65019 | Zot:5    | Noticed a Killer Klown
 65029 | Zot:4    | Killed an orb of fire
 65131 | Zot:5    | Killed a Killer Klown
 65537 | Zot:5    | Noticed a dread lich
 65547 | Zot:5    | Killed a dread lich
 65547 | Zot:5    | Received a gift from Trog
 66096 | Zot:5    | Noticed a dread lich
 66112 | Zot:5    | Killed a dread lich
 66749 | Zot:5    | Noticed an ancient lich
 66759 | Zot:5    | Killed an ancient lich
 66789 | Zot:5    | Noticed a dread lich
 66799 | Zot:5    | Killed a dread lich
 66886 | Zot:5    | Noticed an orb of fire
 66890 | Zot:5    | Noticed an ancient lich
 66892 | Zot:5    | Gained mutation: You are weak. (Str -2) [an orb of fire]
 66895 | Zot:5    | Gained mutation: You are frail. (-10% HP) [an orb of fire]
 66895 | Zot:5    | Noticed a Killer Klown
 66896 | Zot:5    | Gained mutation: You occasionally lose the ability to drink
                  | potions when taking damage. [an orb of fire]
 66897 | Zot:5    | Noticed an orb of fire
 66900 | Zot:5    | Noticed a Killer Klown
 66900 | Zot:5    | Lost mutation: You occasionally lose the ability to drink
                  | potions when taking damage. [an orb of fire]
 66902 | Zot:5    | Gained mutation: Armour fits poorly on your strangely
                  | shaped body. [an orb of fire]
 66903 | Zot:5    | Killed an orb of fire
 66903 | Zot:5    | Noticed a dread lich
 66931 | Zot:5    | Noticed an ancient lich
 66965 | Zot:4    | Lost mutation: You expend magic power (3 MP) to strengthen
                  | your wands. [potion of mutation]
 66965 | Zot:4    | Lost mutation: You are frail. (-10% HP) [potion of
                  | mutation]
 66965 | Zot:4    | Lost mutation: Armour fits poorly on your strangely shaped
                  | body. [potion of mutation]
 66965 | Zot:4    | Gained mutation: You sometimes lose your temper in combat.
                  | [potion of mutation]
 66966 | Zot:4    | Lost mutation: You sometimes lose your temper in combat.
                  | [potion of mutation]
 66966 | Zot:4    | Lost mutation: You are weak. (Str -2) [potion of mutation]
 66966 | Zot:4    | Gained mutation: You are vulnerable to heat. (rF-) [potion
                  | of mutation]
 66966 | Zot:4    | Gained mutation: Your muscles are strong. (Str +4, Int/Dex
                  | -1) [potion of mutation]
 66966 | Zot:4    | Gained mutation: Your magical capacity is low. (-10% MP)
                  | [potion of mutation]
 66967 | Zot:4    | Lost mutation: Your magical capacity is low. (-10% MP)
                  | [potion of mutation]
 66967 | Zot:4    | Lost mutation: You are vulnerable to heat. (rF-) [potion of
                  | mutation]
 66967 | Zot:4    | Gained mutation: You are dopey. (Int -2) [potion of
                  | mutation]
 66967 | Zot:4    | Gained mutation: You are clumsy. (Dex -2) [potion of
                  | mutation]
 67066 | Zot:5    | Killed an ancient lich
 67188 | Zot:5    | Killed a Killer Klown
 67220 | Zot:5    | Gained mutation: You occasionally lose the ability to read
                  | scrolls when taking damage. [an orb of fire]
 67234 | Zot:5    | Killed an orb of fire
 67235 | Zot:5    | Reached XP level 26. HP: 191/266 MP: 22/22
 67287 | Zot:5    | Noticed an orb of fire
 67293 | Zot:5    | Lost mutation: Your muscles are strong. (Str +4, Int/Dex
                  | -1) [an orb of fire]
 67307 | Zot:5    | Gained mutation: You do not regenerate when monsters are
                  | visible. [an orb of fire]
 67311 | Zot:5    | Killed an orb of fire
 67323 | Zot:5    | Lost mutation: You occasionally lose the ability to read
                  | scrolls when taking damage. [potion of mutation]
 67323 | Zot:5    | Lost mutation: You are clumsy. (Dex -2) [potion of
                  | mutation]
 67323 | Zot:5    | Gained mutation: You are vulnerable to cold. (rC-) [potion
                  | of mutation]
 67323 | Zot:5    | Gained mutation: You are partially covered in iridescent
                  | scales. (AC +2) [potion of mutation]
 67323 | Zot:5    | Gained mutation: You are mostly covered in iridescent
                  | scales. (AC +4) [potion of mutation]
 67324 | Zot:5    | Lost mutation: You do not regenerate when monsters are
                  | visible. [potion of mutation]
 67324 | Zot:5    | Lost mutation: You are vulnerable to cold. (rC-) [potion of
                  | mutation]
 67324 | Zot:5    | Lost mutation: You are dopey. (Int -2) [potion of mutation]
 67324 | Zot:5    | Gained mutation: You occasionally lose the ability to drink
                  | potions when taking damage. [potion of mutation]
 67324 | Zot:5    | Gained mutation: You are somewhat resistant to further
                  | mutation. [potion of mutation]
 67325 | Zot:5    | Lost mutation: You are somewhat resistant to further
                  | mutation. [potion of mutation]
 67325 | Zot:5    | Lost mutation: You are mostly covered in iridescent scales.
                  | (AC +4) [potion of mutation]
 67325 | Zot:5    | Lost mutation: You are partially covered in iridescent
                  | scales. (AC +2) [potion of mutation]
 67325 | Zot:5    | Gained mutation: Your magical capacity is low. (-10% MP)
                  | [potion of mutation]
 67325 | Zot:5    | Gained mutation: Your spells are a little harder to cast,
                  | but a little more powerful. [potion of mutation]
 67325 | Zot:5    | Gained mutation: You are weak. (Str -2) [potion of
                  | mutation]
 67326 | Zot:5    | Lost mutation: You occasionally lose the ability to drink
                  | potions when taking damage. [potion of mutation]
 67326 | Zot:5    | Lost mutation: Your spells are a little harder to cast, but
                  | a little more powerful. [potion of mutation]
 67326 | Zot:5    | Gained mutation: You are clumsy. (Dex -2) [potion of
                  | mutation]
 67326 | Zot:5    | Gained mutation: You have hidden genetic defects. [potion
                  | of mutation]
 67326 | Zot:5    | Gained mutation: You are covered in fur. (AC +1) [potion of
                  | mutation]
 67347 | Zot:5    | Killed an ancient lich
 67488 | Zot:5    | Killed a dread lich
 67559 | Zot:5    | Noticed an ancient lich
 67575 | Zot:5    | Killed an ancient lich
 67684 | Zot:5    | Got the Orb of Zot
 67696 | Zot:5    | Noticed Vipyv the pandemonium lord
 68099 | D:9      | Received a gift from Trog
 68141 | D:9      | Gained mutation: You do not regenerate when monsters are
                  | visible. [hidden defects]
 68259 | D:$      | Escaped with the Orb!

Illustrated notes

Levels and vault maps discovered:
D:1:      grunt_arrival_crossed_arrows, layout_rooms
D:2:      layout_basic, minivault_5, chequers_serial_rivers_room_b
D:3:      layout_basic, uniq_terence
D:4:      wad_river_or_something, layout_cave_pools, marbit_many_paths,
          minmay_temple_entry_glassed_door
D:5:      layout_gridville, uniq_sigmund
D:6:      layout_cave_pools, sword_in_stone, uniq_pikel
D:7:      layout_loops_corners
D:8:      layout_basic, eino_tiny_chamber, minmay_misc_feat_square,
          water_maze_lemuel
D:9:      layout_basic, lair_entry_dummy, serial_shops, nicolae_shop_waterfront,
          uniq_erica
D:10:     layout_irregular_city, erik_orc_3, uniq_urug
D:11:     layout_loops_ring, gauntlet_entry_generic
D:12:     layout_small_grid, nicolae_hepliaklqana_hazy_memory, uniq_psyche
D:13:     layout_rooms, ebering_ghost_xom, serial_bayou_pond_c, uniq_snorg
D:14:     layout_basic, david_vaults_4, nicolae_elevator_lobby_plus,
          gammafunk_ghost_fury_of_okawaru
D:15:     grunt_enter_depths_giant_problem, layout_basic, serial_shops,
          nicolae_shop_tiny_real_fake_doors, chequers_serial_rivers_marsh,
          nicolae_vehumet_altar_sigil, uniq_jorgrun
Lair:1:   layout_cave_shapes, st_stairs_13, nicolae_lair_lindhole,
          grunt_megastairs_2
Lair:2:   layout_chaotic_city, swamp_mist_pool, portal_ice_cave_entry_imps,
          pdpol_lair_cavern_descent, lemuel_fruit_fields
Lair:3:   layout_regular_city, nicolae_spider_entry_orb_guardian,
          serial_bayou_lagoon_b
Lair:4:   layout_misc_corridors, grunt_megastairs_3
Lair:5:   hellmonk_lair_end_abyssal_woods, layout_regular_city, slime_entry_1
Swamp:1:  layout_basic_swamp, serial_swamp_ruin, evilmike_swamp_ruin_house_3,
          hangedman_swamp_ruin_wall
Swamp:2:  layout_falls_marsh, hellmonk_ghost_happy_afterlife,
          evilmike_swamp_ruin_house_2, infiniplex_staircase_pool
Swamp:3:  layout_falls_marsh, nicolae_swamp_dense_foliage, swamp_pool_3,
          infiniplex_staircase_pool_2
Swamp:4:  swamp_pestilence, layout_basic_swamp, gammafunk_ghost_cemetery
Spider:1: layout_spider_delve, gammafunk_ghost_necromancy
Spider:2: nicolae_spider_hilbert_zone_2 [nicolae_spider_hilbert_4_sides_1_open,
          nicolae_spider_hilbert_4_sides_1_open,
          nicolae_spider_hilbert_4_sides_1_open,
          nicolae_spider_hilbert_4_sides_1_open,
          nicolae_spider_hilbert_6_sides_1_open,
          nicolae_spider_hilbert_6_sides_1_open,
          nicolae_spider_hilbert_3_sides_1_open,
          nicolae_spider_hilbert_3_sides_1_open,
          nicolae_spider_hilbert_3_sides_1_open,
          nicolae_spider_hilbert_3_sides_1_open,
          nicolae_spider_hilbert_6_sides_1_open,
          nicolae_spider_hilbert_6_sides_1_open,
          nicolae_spider_hilbert_6_sides_1_open,
          nicolae_spider_hilbert_6_sides_1_open], uniq_mlioglotl
Spider:3: layout_spider_delve, nicolae_spider_world_wide_web
Spider:4: spider_rune_water
Orc:1:    layout_diamond_mine, regret_index_xom_of_box, uniq_erolcha,
          uniq_josephine, uniq_fannar
Orc:2:    grunt_orc_gardens, layout_diamond_mine, grunt_orc_garden,
          grunt_orc_garden, grunt_orc_garden, grunt_orc_garden, uniq_azrael
Elf:1:    layout_loops_ring, minmay_elf_necromancy
Elf:2:    nicolae_elf_blades_splatter_lattice [nicolae_blade_tridents],
          layout_rooms, uniq_agnes, uniq_roxanne
Elf:3:    elf_hall, layout_geoelf_diagonals, serial_shops, shop,
          minmay_fountain_box
Vaults:1: ploomutoo_gammafunk_ghost_potion_laboratory, nicolae_vaults_tangram_1,
          nicolae_vaults_variable_pillar_hall_cross,
          nicolae_vaults_shrinking_rooms_1, nicolae_vaults_angled_halls,
          nicolae_vaults_double_plus_3, nicolae_vaults_closet_pinwheel_3,
          nicolae_vaults_storage_room_water, v_pattern_4,
          nicolae_vaults_tangram_2, v_misc_10, nicolae_vaults_house_2,
          ontoclasm_vaults_ligature, serial_ice_h, v_misc_3,
          nicolae_vaults_yaktaur_gun_rack, layout_vaults_ring, serial_shops,
          nicolae_shop_just_a_little_nook, uniq_zenata, uniq_nikola
Vaults:2: nicolae_vaults_doubleplus_tesselated, nicolae_vaults_tetromino_L_1,
          vaults_dpeg_ring, nicolae_vaults_storage_closets_3,
          nicolae_vaults_cochlea, nicolae_vaults_tetromino_Z_1,
          hangedman_vaults_maws, nicolae_vaults_specimen_jars, v_misc_25,
          vaults_room_hallway, nicolae_vaults_heist,
          nicolae_vaults_circle_grid_a, layout_vaults_omnibox
Vaults:3: v_misc_11, minmay_crypt_entry_simple_box, ontoclasm_vaults_idyll,
          st_eye, hangedman_vaults_snaps, vaults_room_pools,
          nicolae_vaults_offset_grid_hallway_1, nicolae_vaults_circle_grid_a,
          v_alt_pattern_2, layout_vaults_chaotic_city, serial_shops,
          nicolae_shop_tiny_glass
Vaults:4: nicolae_vaults_tetromino_L_2, v_misc_13,
          vaults_mumra_minichess_inversion, gammafunk_the_bubble
          [the_bubble_gammafunk_split], vaults_room_grunt_arrival_ludios,
          vaults_room_stairs_pillars, nicolae_vaults_closet_pinwheel_4,
          vaults_room_fours, vaults_room_stairs_pillars,
          nicolae_vaults_trapezoid_lopsided_3, ontoclasm_vaults_loading_screen,
          vaults_room_fours, layout_vaults_omnicross, serial_shops,
          nicolae_shop_crystal
Vaults:5
Depths:1: layout_long_grid, serial_bayou_ford_a, grunt_hell_entry_dis_mu,
          minmay_misc_feat_iff, minmay_shop_grid_forest, slow_altar_2,
          grunt_megastairs_4, serial_bayou_shore_b,
          infiniplex_staircase_pool_lava
Depths:2: evilmike_hourglass, layout_gridlike, grunt_pan_entry_in_and_out,
          infiniplex_enter_wizlab_water, hangedman_decor_lopped, abyss_entry,
          hell_entry, serial_corexii_hall, corexii_hall_statues_i,
          chequers_hall_statues_corner_a, minmay_staircase_statues,
          uniq_asterion
Depths:3: minmay_the_grid_octo_tiled_octocenter [minmay_the_grid_octo_chip,
          minmay_the_grid_octo_pinwheel, minmay_the_grid_octo_clover_2,
          minmay_the_grid_octo_horde,
          minmay_the_grid_octo_prize_ultimate_mussel_roller,
          minmay_the_grid_square_5x5_half_checkered,
          minmay_the_grid_square_5x5_mess,
          minmay_the_grid_square_5x5_inverted_slash,
          minmay_the_grid_square_5x5_checkered_sparse], layout_gridlike,
          enter_ziggurat_c, enter_trove_0, hell_entry, minmay_room_of_horrors,
          infiniplex_staircase_zigzag_1, uniq_enchantress, uniq_norris,
          uniq_mara
Depths:4: grunt_twist_and_shout, layout_honeycomb, kennysheep_flooded_box,
          hell_entry, okawaru_ov_weapons_minmay, uniq_mennas
Zot:1:    layout_onion, lemuel_baited_zot_trap,
          regret_index_zotdec_twisting_globes
Zot:2:    regret_index_qazlal_generations, layout_gridlike
Zot:3:    regret_index_all_hallows'_manor, layout_gridlike, skrybe_zot_glass_3
Zot:4:    layout_twisted_circle, regret_index_zotdec_obsidian_hm
Zot:5:    layout_misc_corridors

Skill      XL: |  1  2  3  4  5  6  7  8  9 10 11 12 13 14 15 16 17 18 19 20 21 22 23 24 25 26 |
---------------+-------------------------------------------------------------------------------+-----
Axes           | 4 5 6 7 8 9 11 13 15 16 19 20 22 24 | 24.0
Fighting       | 4 5 7 8 10 11 12 14 17 19 20 23 27 | 27.0
Armour         | 3 4 5 6 8 10 11 12 14 15 18 19 20 21 23 24 26 27 | 27.0
Evocations     | 3 5 6 10 12 14 17 18 20 21 | 21.1
Dodging        | 6 8 10 13 15 17 18 20 22 23 24 | 24.5

Action                     |  1- 3 |  4- 6 |  7- 9 | 10-12 | 13-15 | 16-18 | 19-21 | 22-24 | 25-27 || total
---------------------------+-------+-------+-------+-------+-------+-------+-------+-------+-------++-------
  Melee: Hand axe          |    79 |   108 |   229 |       |    45 |    18 |       |       |       ||   479
         Headbutt          |     7 |    17 |    52 |    96 |   270 |   311 |   342 |   358 |   225 ||  1678
         Punch             |       |     1 |       |       |       |     1 |       |       |       ||     2
         War axe           |       |       |    20 |    62 |       |       |       |       |       ||    82
         Battleaxe         |       |       |       |   362 |   922 |   559 |       |    17 |    24 ||  1884
         Executioner's axe |       |       |       |       |       |   499 |  1072 |  1111 |   603 ||  3285
  Throw: Dart              |     1 |       |     1 |       |       |       |       |       |       ||     2
         Stone             |     3 |     6 |     3 |     3 |     3 |       |       |       |       ||    18
         Throwing net      |       |     1 |       |       |     3 |       |       |       |       ||     4
 Invoke: Trog's Hand       |       |     1 |     1 |     3 |     4 |    12 |    16 |    28 |    20 ||    85
         Berserk           |       |       |     2 |     2 |     5 |     2 |     1 |       |     1 ||    13
         Brothers in Arms  |       |       |       |     1 |     2 |     5 |     1 |       |       ||     9
  Evoke: Wand              |       |       |     1 |       |    12 |    15 |     2 |     2 |       ||    32
         Box of beasts     |       |       |       |       |       |       |     2 |     1 |     1 ||     4
    Use: Scroll            |     4 |    12 |       |     8 |    15 |    16 |     3 |     9 |     8 ||    75
         Potion            |       |       |       |     2 |       |       |     2 |    13 |    20 ||    37
   Stab: Held in net/web   |       |     1 |       |       |     1 |       |       |       |       ||     2
         Petrified         |       |       |       |     2 |       |       |       |       |       ||     2
         Distracted        |       |       |       |       |     1 |     1 |     2 |     1 |       ||     5
 Armour: Animal skin       |    21 |       |       |       |       |       |       |       |       ||    21
         Ring mail         |    17 |       |       |       |       |       |       |       |       ||    17
         Chain mail        |    16 |    73 |    33 |    78 |   458 |    61 |    46 |       |       ||   765
         Plate armour      |       |       |   131 |   309 |   457 |  1221 |   942 |   398 |       ||  3458
         Gold dragon scale |       |       |       |       |       |       |       |  1073 |   629 ||  1702
  Dodge: Dodged            |    38 |    43 |    64 |   168 |   623 |   911 |   810 |  1149 |   486 ||  4292
  Block: Kite shield       |       |       |    66 |    14 |       |       |       |       |       ||    80
         Buckler           |       |       |       |     2 |       |       |       |       |       ||     2
